 Dungeon Crawl Stone Soup version 0.32-a0-699-g1ee5eff69a (webtiles) character file.

Game seed: 4311348274083880287

945 arcshroob the Changeling (level 7, -3/55 HPs)
             Began as a Demonspawn Shapeshifter on Mar 13, 2024.
             Killed from afar by a gargoyle (22 damage)
             ... with a stone arrow
             ... on level 6 of the Dungeon.
             The game lasted 00:10:44 (6451 turns).

arcshroob the Changeling (Demonspawn Shapeshifter)  Turns: 6451, Time: 00:10:45

Health: -3/55      AC:  9    Str: 16    XL:     7   Next: 89%
Magic:  7/7        EV: 11    Int: 11    God:
Gold:   306        SH:  0    Dex: 12    Spells: 6/6 levels left

rFire   . . .        b - +4 flail (protect)
rCold   . . .        (no shield)
rNeg    . . .        a - +0 animal skin
rPois   .            (helmet currently unavailable)
rElec   .            (cloak currently unavailable)
rCorr   .            (gloves currently unavailable)
SInv    .            (boots currently unavailable)
Will    .....        (no amulet)
Stlth   +            e - +4 ring of protection
HPRegen 0.29/turn    (no ring)
MPRegen 0.10/turn

%: no passive effects
@: beast-form
A: beast (slay +3), molten scales 2, spiny 1
a: Begin Untransformation


You were on level 6 of the Dungeon.
You were a hulking beast.
You visited 1 branch of the dungeon, and saw 6 of its levels.

You collected 429 gold pieces.
You spent 123 gold pieces at shops.

Inventory:

Hand Weapons
 b - a +4 flail of protection (weapon)
Armour
 a - a +0 animal skin (worn)
Jewellery
 e - a +4 ring of protection (left hand)
 o - a +4 ring of protection
Talismans
 c - a beast talisman (active)
 d - a flux talisman
Wands
 m - a wand of iceblast (9)
Scrolls
 h - 3 scrolls of teleportation
 i - 2 scrolls of poison
 j - a scroll of amnesia
 p - a scroll of fear
Potions
 f - 2 potions of curing {unknown}
 g - a potion of berserk rage
 k - a potion of ambrosia {unknown}
 n - a potion of resistance {unknown}
 q - a potion of attraction {unknown}


   Skills:
 - Level 4.8 Fighting
 - Level 3.1 Dodging
 - Level 3.0 Unarmed Combat
 + Level 6.4 Shapeshifting


You had 6 spell levels left.
You didn't know any spells.
Your spell library contained the following spells:

 Spells                   Type           Power      Damage    Failure   Level
 Mercury Vapours          Alch/Air       0%         N/A       47%         2
 Mephitic Cloud           Conj/Alch/Air  0%         N/A       71%         3
 Freezing Cloud           Conj/Ice/Air   0%         6-21      100%        5


Dungeon Overview and Level Annotations

Branches:
Dungeon (6/15)
 Temple: D:4-7

Altars:
Fedhas
Okawaru
Ru
Trog
Wu Jian

Shops:
D:2 =**   D:5 ?

Annotations:
D:4 exclusion: 2 oklob plants


Innate Abilities, Weirdness & Mutations

You are a hulking beast.
Your limbs bulge with bestial killing power. (Slay +3)
You are mostly covered in molten scales. (AC +3)
You are partially covered in sharp spines.


Message History

Your weapon exudes an aura of protection.
You kill the orc!
You hit the orc.
The orc is almost dead.
The orc is struck by your spines.
You kill the orc!
The orc throws a boomerang.
The boomerang misses you. The orc is struck by your spines.
The orc barely misses you. The orc closely misses you.
The orc is struck by your spines.
The orc hits you with a +1 dagger of protection.
Things that are here:
a +0 dagger; a +0 short sword The orc attacks as it pursues you!
The orc is struck by your spines. The orc barely misses you.
You hit the orc.
You kill the orc!
The orc throws a boomerang.
The boomerang hits you but does no damage.
You barely miss the orc.
The orc is almost dead.
The orc closely misses you.
You closely miss the orc.
The orc is almost dead.
The orc is struck by your spines.
You kill the orc!
The orc hits you but does no damage.
You barely miss the orc. The orc is struck by your spines.
You kill the orc!
The gargoyle hurls a stone arrow at you.
The stone arrow hits you!
Found a stone staircase leading up.
The gargoyle hurls a stone arrow at you.
The stone arrow hits you!
Found an onyx ring.
The gargoyle hurls a stone arrow at you.
The stone arrow hits you!
You enter a dispersal trap!
The gargoyle blinks!
You blink.
The gargoyle hurls a stone arrow at you.
The stone arrow hits you!!
You die...

##### #######
...###.....############..
##<..............ยง.=.....
##......(....h############
#..##.........#
##9###.....9...#
##...##.........#
##.....##........#
#......9#<.......#
...._..)).$......#
#.......#........#
##.....##........#


You could see a gargoyle.

Vanquished Creatures
  Sigmund (D:3)
  A shadow (D:5)
  Edmund (D:5)
  An ogre (D:5)
  A killer bee (D:5)
  4 hounds
  A bombardier beetle (D:5)
  3 iguanas
  A sleepcap (D:4)
  6 adders
  4 ribbon worms
  2 dart slugs
  The ghost of croobank the Sneak, a weakling FeDe (D:5)
  8 orcs
  5 endoplasms
  3 giant cockroaches
  6 goblins
  3 hobgoblins
  6 kobolds
  5 ball pythons
  6 bats
  3 frilled lizards
  A rat (D:1)
73 creatures vanquished.

Notes
Turn   | Place    | Note
-------+----------+-------------------------------------------
     0 | D:1      | arcshroob the Demonspawn Shapeshifter began the quest for
                  | the Orb.
     0 | D:1      | Reached XP level 1. HP: 15/15 MP: 1/1
   275 | D:1      | Gained mutation: You are partially covered in molten
                  | scales. (AC +2) [demonic ancestry]
   275 | D:1      | Reached XP level 2. HP: 14/21 MP: 2/2
  1066 | D:2      | Found Epaadymo's Assorted Antiques.
  1128 | D:2      | Gained mutation: You are partially covered in sharp spines.
                  | [demonic ancestry]
  1128 | D:2      | Reached XP level 3. HP: 26/26 MP: 3/3
  1159 | D:2      | Found Pyterual's Assorted Antiques.
  1166 | D:2      | Bought a scroll labelled HOAJOI IMUUVA for 19 gold pieces
  1166 | D:2      | Bought a potion of lignification for 57 gold pieces
  1166 | D:2      | Bought a scroll labelled GOIROVEOCI for 19 gold pieces
  1325 | D:2      | Found Vuashum's General Store.
  1582 | D:2      | Found Voodgh's Jewellery Boutique.
  1805 | D:2      | Found a faded altar of an unknown god.
  1811 | D:2      | Prayed at the altar of an unknown god.
  1811 | D:2      | Became a worshipper of Fedhas Madash
  1811 | D:2      | Reached * piety under Fedhas
  2145 | D:2      | Identified the +4 ring mail of Caxzydop {rF+ Dex+3 Slay+3}
  2276 | D:2      | Fell from the grace of Fedhas
  2751 | D:3      | Noticed Sigmund
  2760 | D:3      | Killed Sigmund
  2761 | D:3      | Reached XP level 4. HP: 38/38 MP: 4/4
  2761 | D:3      | Reached XP level 5. HP: 43/43 MP: 5/5
  3161 | D:3      | Found a sacrificial altar of Ru.
  3337 | D:3      | Found a blossoming altar of Fedhas.
  3547 | D:3      | Found an ornate altar of the Wu Jian Council.
  3866 | D:4      | Reached skill level 3 in Shapeshifting
  3866 | D:4      | Reached XP level 6. HP: 46/50 MP: 6/6
  4240 | D:4      | Reached skill level 4 in Shapeshifting
  4347 | D:4      | Noticed a wandering mushroom
  4347 | D:4      | Noticed an oklob plant
  4523 | D:4      | Noticed an oklob plant
  4634 | D:5      | Entered Level 5 of the Dungeon
  4652 | D:5      | Found a transporter.
  4656 | D:5      | Noticed croobank's ghost (weakling FeDe)
  4673 | D:5      | Found a transporter.
  4685 | D:5      | Found an iron altar of Okawaru.
  4864 | D:5      | Found Gett's Magic Scroll Shoppe.
  4872 | D:5      | Bought a scroll of identify for 28 gold pieces
  4956 | D:5      | Noticed a shadow
  4968 | D:5      | Killed a shadow
  4969 | D:5      | Gained mutation: You are mostly covered in molten scales.
                  | (AC +3) [demonic ancestry]
  4969 | D:5      | Reached XP level 7. HP: 35/55 MP: 7/7
  5072 | D:5      | Reached skill level 5 in Shapeshifting
  5581 | D:5      | Noticed Edmund
  5615 | D:5      | Killed Edmund
  5830 | D:5      | Reached skill level 6 in Shapeshifting
  6221 | D:5      | Killed croobank's ghost
  6419 | D:6      | Noticed a gargoyle
  6419 | D:6      | Found a bloodstained altar of Trog.
  6451 | D:6      | Killed from afar by a gargoyle

Illustrated notes

Levels and vault maps discovered:
D:1:      dpeg_arrival_round_c, layout_basic,
          hangedman_abyss_or_decor_lesser_grid, minmay_pentomino_t4
D:2:      layout_basic, shapermc_ecumenical_altar_hornbeckon, serial_shops,
          shop, shop, nicolae_shop_hallway_stairs, shop_statue
D:3:      layout_loops_ring, pdpol_wu_jian_five_deadly_venoms, fedhas_altar_4,
          nicolae_overflow_squiral, uniq_sigmund
D:4:      layout_basic, hangedman_minor_gate_pass
D:5:      layout_basic, okawaru_trees_1, serial_shops, shop,
          gammafunk_ghost_arena, roderic_serpentine_path, hex_tiny,
          minmay_crossroads, uniq_edmund
D:6:      layout_rooms, lemuel_round_altar

Skill      XL: |  1  2  3  4  5  6  7 |
---------------+----------------------+-----
Dodging        | 2 3 |  3.1
Fighting       | 4 |  4.8
Unarmed Combat | 3 |  3.0
Shapeshifting  | 3 4 6 |  6.4

Action                     |  1- 3 |  4- 6 |  7- 9 || total
---------------------------+-------+-------+-------++-------
  Melee: Unarmed           |   108 |    82 |    42 ||   232
         Punch             |     2 |     5 |     2 ||     9
         Flail             |       |       |    17 ||    17
 Invoke: Renounce Religion |     1 |       |       ||     1
    Use: Scroll            |     4 |     3 |       ||     7
         Potion            |     1 |     1 |     1 ||     3
   Stab: Sleeping          |     1 |       |       ||     1
 Armour: Animal skin       |    83 |    48 |    43 ||   174
         Skin              |     7 |     1 |    15 ||    23
  Dodge: Dodged            |    78 |    39 |    33 ||   150

Table legend: (Time is in decaauts)
 A = Elapsed time spent in this place.
 B = Non-inter-level travel time spent in this place.
 C = Inter-level travel time spent in this place.
 D = Time resting spent in this place.
 E = Time spent auto-exploring this place.
 F = Levels seen in this place.
 G = Mean time per level.
                   A        B        C        D        E       F      G
               +--------+--------+--------+--------+--------+-----+--------+
         Total |   6458 |   6351 |    107 |   1344 |   3922 |   6 | 1076.3 |
       Dungeon |   6458 |   6351 |    107 |   1344 |   3922 |   6 | 1076.3 |
               +--------+--------+--------+--------+--------+-----+--------+

Top non-repeatable levels by time:
     D:5: 1795 daAuts
     D:2: 1423 daAuts
     D:3: 1339 daAuts
     D:1: 1033 daAuts
     D:4: 831 daAuts
     D:6: 34 daAuts
